 Seeded DCSS version 0.29.1-12-g30fa7ad0bf (webtiles) character file.

Game seed: 1 (custom seed)

4 Kazon the Trooper (level 1, -3/19 HPs)
             Began as a Barachi Berserker on Dec 12, 2022.
             Was a Follower of Trog.
             Slain by a goblin
             ... wielding a +0 club
              (4 damage)
             ... on level 1 of the Dungeon.
             The game lasted 00:01:47 (200 turns).

Kazon the Trooper (Barachi Berserker)                Turns: 200, Time: 00:01:47

Health: -3/19      AC:  2    Str: 18    XL:     1   Next: 70%
Magic:  1/1        EV: 27    Int:  7    God:    Trog [*.....]
Gold:   45         SH:  0    Dex: 11    Spells: 0/0 levels left

rFire   . . .      SeeInvis .   a - +0 falchion
rCold   . . .      Faith    .   (no shield)
rNeg    . . .      Spirit   .   b - +0 animal skin
rPois   .          Reflect  .   (no helmet)
rElec   .          Harm     .   (no cloak)
rCorr   .          Rampage  .   (no gloves)
Will    .....                   (no boots)
Stlth   +.........              c - amulet of the acrobat
HPRegen 0.06/turn               (no ring)
MPRegen 0.07/turn               (no ring)

@: acrobatic, studying Staves, slow
A: amphibious, slowness 1, strong legs 1, +LOS
a: Hop, Renounce Religion, Berserk


You were on level 1 of the Dungeon.
You worshipped Trog.
Trog was aware of your devotion.
You visited 1 branch of the dungeon, and saw 1 of its levels.

You collected 45 gold pieces.

Inventory:

Hand Weapons
 a - a +0 falchion (weapon)
Armour
 b - a +0 animal skin (worn)
Jewellery
 c - an amulet of the acrobat (around neck)
Potions
 d - a potion of haste {unknown}
 e - a potion of flight {unknown}


   Skills:
 + Level 3.8 Fighting
 + Level 3.8 Long Blades
 + Level 2.4 Armour
 + Level 2.2 Dodging


You couldn't memorise any spells.
You didn't know any spells.
Your spell library was empty.

Dungeon Overview and Level Annotations

Branches:
Dungeon (1/15)

Altars:


Innate Abilities, Weirdness & Mutations

You are amphibious.
You cover ground slowly.
You can hop short distances.
You have an extended range of vision and can be seen from far away.


Message History

You hit the kobold.
You kill the kobold!
Trog accepts your kill.
You see here a +0 whip.
As you open the door, it creaks loudly!
There is an open door here.
Found 4 gold pieces.
e - a ruby potion You now have 45 gold pieces (gained 4).
As you open the door, it creaks loudly!
You hear a shout!
There is an open door here.
An endoplasm comes into view.
The endoplasm quivers.
A goblin comes into view. It is wielding a +0 club.
You hit the endoplasm.
The endoplasm is heavily wounded.
The endoplasm freezes you.
You are frozen.
You closely miss the goblin. The endoplasm freezes you.
You are frozen.
The goblin hits you with a +0 club.
You hit the endoplasm.
You kill the endoplasm!
Trog accepts your kill. The goblin barely misses you.
You closely miss the goblin. The goblin hits you with a +0 club.
* * * LOW HITPOINT WARNING * * *
You miss the goblin. The goblin barely misses you.
You hit the goblin.
The goblin is moderately wounded.
The goblin hits you but does no damage. The goblin hits you with a +0 club.
* * * LOW HITPOINT WARNING * * *
The goblin completely misses you. The goblin hits you with a +0 club.
* * * LOW HITPOINT WARNING * * *
The goblin attacks as you move away! The goblin completely misses you.
The goblin hits you but does no damage.
The endoplasm quivers.
The goblin hits you with a +0 club.
You die...

.# . .# + .#+ ## ... #..
##.......... +...
#..........##...
#..........J....
##..............########
.......................#
....... ........@......#
.....# ######..g......#
.....# #........######
.....# #........# .....#
#........# .....##
#........#
.....'####........#
..................#
..................#


You could see an endoplasm and a goblin.

Vanquished Creatures
  An endoplasm (D:1)
  A goblin (D:1)
  A kobold (D:1)
  A bat (D:1)
4 creatures vanquished.

Notes
Turn   | Place    | Note
-------+----------+-------------------------------------------
     0 | D:1      | Kazon the Barachi Berserker began the quest for the Orb.
     0 | D:1      | Reached XP level 1. HP: 18/18 MP: 1/1
    39 | D:1      | Identified a scroll of acquirement
    39 | D:1      | Acquired a manual of Staves
   200 | D:1      | Slain by a goblin

Illustrated notes

Levels and vault maps discovered:
D:1:      dpeg_arrival_three_smaller_balls, layout_basic

Action                   || total
-------------------------++-------
Melee: Falchion          ||    12
  Use: Scroll            ||     1
Armor: Animal skin       ||     9
Dodge: Dodged            ||    21
